 Dungeon Crawl Stone Soup version 0.18-a0-846-g91b95b1 (webtiles) character file.

4284 4thArraOfDagon the Cleaver (level 10, -2/86 HPs)
             Began as a Minotaur Fighter on Dec 20, 2015.
             Was a Priest of Qazlal.
             Shot with an arrow by a centaur warrior (19 damage)
             ... on level 13 of the Dungeon.
             The game lasted 00:16:50 (3167 turns).

4thArraOfDagon the Cleaver (Minotaur Fighter)       Turns: 3167, Time: 00:16:51

Health: -2/86      AC: 11    Str: 17    XL:     10   Next: 10%
Magic:  14/14      EV:  7    Int:  8    God:    Qazlal [***...]
Gold:   367        SH: 13    Dex: 10    Spells: 4 memorised, 6 levels left

rFire  . . .     SeeInvis .     a - +0 war axe
rCold  . . .     Gourm    .     b - +0 scale mail
rNeg   . . .     Faith    .     c - +0 shield
rPois  .         Spirit   .     y - +1 hat
rElec  .         Dismiss  .     j - +0 cloak
rCorr  +         Reflect  .     (no gloves)
SustAt .         Harm     .     w - +0 pair of boots
MR     +....     Rnd*Rage +     F - amulet of resist corrosion
Stlth  ..........               (no ring)
                                H - ring of protection from magic

@: somewhat resistant to hostile enchantments, extremely unstealthy
A: retaliatory headbutt, horns 2, berserk 1, screaming 2, weak 2
a: Upheaval, Elemental Force, Renounce Religion


You were on level 13 of the Dungeon.
You worshipped Qazlal.
Qazlal was most pleased with you.
You were hungry.

You visited 1 branch of the dungeon, and saw 13 of its levels.
You also visited: Ossuary.

You collected 367 gold pieces.

Inventory:

Hand Weapons
 a - a +0 war axe (weapon)
 i - the +6 rapier "Doluo" {flame, *Corrode rN+ Dex+2}
   (You found it on level 5 of the Dungeon)

   It has been specially enchanted to burn those struck by it, causing extra
   injury to most foes and up to half again as much damage against particularly
   susceptible opponents.
   It affects your dexterity (+2).
   It protects you from negative energy.
   It may corrode your equipment when you take damage.
Armour
 b - a +0 scale mail (worn)
 c - a +0 shield (worn)
 j - a +0 cloak (worn)
 w - a +0 pair of boots (worn)
 y - a +1 hat (worn)
Magical Staves
 l - an uncursed staff of fire {unknown}
Jewellery
 F - an amulet of resist corrosion (around neck)
 H - a ring of protection from magic (left hand)
Wands
 e - a wand of flame (38/48)
 r - a wand of fire (9/15)
 x - a wand of lightning (0/15)
 z - a wand of enslavement (10/24)
 G - a wand of magic darts (18/48)
Scrolls
 k - a scroll of magic mapping {unknown}
 o - 3 scrolls of fog {unknown}
 q - a scroll of recharging {unknown}
 t - 2 scrolls of amnesia
 u - 8 scrolls of remove curse {unknown}
 D - a scroll of fear {unknown}
 J - a scroll of noise {unknown}
Potions
 d - a potion of might
 p - a potion of lignification
 s - 2 potions of poison {unknown}
 v - a potion of ambrosia {unknown}
 A - a potion of cure mutation {unknown}
 B - 3 potions of cancellation
 C - a potion of agility
 E - a potion of degeneration {unknown}
Comestibles
 f - 3 bread rations
 g - 2 meat rations
 n - 2 royal jellies
 I - 2 fruits


   Skills:
 + Level 7.2 Fighting
 * Level 8.9 Axes
 + Level 7.0 Armour
 - Level 3.6 Shields
 + Level 3.0 Spellcasting
 * Level 4.9 Translocations
 * Level 6.8 Invocations


You had 6 spell levels left.
You knew the following spells:

 Your Spells              Type           Power        Failure   Level  Hunger
a - Apportation           Tloc           #.........   63%         1    ##.....
b - Blink                 Tloc           N/A          85%         2    ###....
c - Passage of Golubria   Tloc           N/A          100%        4    #####..
d - Swiftness             Chrm/Air       #.......     100%        2    ###....


Dungeon Overview and Level Annotations

Branches:
Dungeon (13/15)
 Temple: D:4-7         Lair: D:8-11         Orc: D:9-12      Vaults: D:13-14

Altars:
Cheibriados
Fedhas
Kikubaaqudgha
Qazlal
Ru
Vehumet

Annotations:
D:8 Erica


Innate Abilities, Weirdness & Mutations

You reflexively headbutt those who attack you in melee.
You have a pair of horns on your head.
You tend to lose your temper in combat.
You sometimes yell uncontrollably at your foes.
You are very weak. (Str -4)


Message History

The ice beast is heavily wounded.
The ice beast barely misses you.
Your shield prevents you from hitting the ice beast.
You headbutt the ice beast, but do no damage.
The ice beast is heavily wounded.
You block the ice beast's attack.
You hit the ice beast.
The ice beast is severely wounded.
The ice beast hits you but does no damage.
You slash the ice beast!
You kill the ice beast!
Qazlal accepts your kill.
Your base Spellcasting skill increases to level 3!
Your life force feels restored.
The centaur warrior shoots an arrow.
You block the arrow.
The centaur warrior shoots an arrow.
The arrow completely misses you.
Unknown command.
Unknown command.
The centaur warrior shoots an arrow.
The arrow hits you!!
You die...

############
#..........#
#..........#
#..........#
###..........#
.......ยง.....#
........(....#
#####.@.....#
#.......#
#.......#
#.......#
#.......#
#.......#
#c......#
#.......# #....


You could see a centaur warrior.

Vanquished Creatures
  2 deep elf magi (D:11)
  An ugly thing (D:12)
  A wyvern (D:9)
  A hungry ghost (D:11)
  A hippogriff (D:7)
  A phantom (D:6)
  An orc warrior (D:11)
  An ogre (D:9)
  3 centaurs
  5 ice beasts
  7 giant frogs
  5 killer bees (D:9)
  A crimson imp (D:7)
  An electric eel (D:7)
  2 centaur zombies
  A jelly (D:10)
  2 orc priests
  A giant frog skeleton (D:11)
  4 hounds
  5 orc wizards
  A killer bee zombie (D:6)
  A worker ant (D:8)
  A hound zombie (Ossuary)
  A hound skeleton (D:11)
  3 mummies
  3 gnolls (D:7)
  3 adders
  An adder skeleton (D:6)
  3 worms
  4 giant geckos
  21 orcs
  4 goblins
  A hobgoblin (D:2)
  8 jackals
  3 bats (D:3)
  5 giant newts
  2 goblin zombies
  2 hobgoblin zombies (Ossuary)
  3 jackal zombies (Ossuary)
  8 kobolds
  2 kobold zombies
  2 quokkas
  2 rats
  A rat zombie (Ossuary)
131 creatures vanquished.

Vanquished Creatures (collateral kills)
  An orc (D:12)
  A hobgoblin zombie (Ossuary)
  2 rat zombies (Ossuary)
4 creatures vanquished.

Vanquished Creatures (others)
  A mottled dragon (D:12)
  An orc warrior (D:8)
  A centaur (D:8)
  A big kobold (D:8)
  A giant frog (D:8)
  A killer bee (D:9)
  A hound (D:8)
  An orc wizard (D:8)
  2 mummies (Ossuary)
10 creatures vanquished.

Grand Total: 145 creatures vanquished

Notes
Turn   | Place    | Note
--------------------------------------------------------------
     0 | D:1      | 4thArraOfDagon the Minotaur Fighter began the quest for the Orb.
     0 | D:1      | Reached XP level 1. HP: 19/19 MP: 0/0
     8 | D:1      | Noticed a centaur
   168 | D:2      | Reached XP level 2. HP: 27/27 MP: 1/1
   206 | D:2      | Found a blossoming altar of Fedhas.
   320 | D:3      | Found a stormy altar of Qazlal.
   328 | D:3      | Became a worshipper of Qazlal Stormbringer
   482 | D:3      | Reached skill level 4 in Fighting
   506 | D:3      | Reached skill level 1 in Invocations
   506 | D:3      | Reached XP level 3. HP: 33/33 MP: 2/2
   582 | D:4      | Found a blossoming altar of Fedhas.
   583 | D:4      | Found an ancient bone altar of Kikubaaqudgha.
   625 | D:5      | Entered Level 5 of the Dungeon
   629 | D:5      | Found a radiant altar of Vehumet.
   706 | D:5      | Learned a level 1 spell: Apportation
   713 | D:5      | Noticed a scorpion
   742 | D:6      | Noticed a phantom
   799 | D:6      | Killed a phantom
   799 | D:6      | Reached skill level 1 in Translocations
   799 | D:6      | Reached XP level 4. HP: 7/41 MP: 2/4
   799 | D:6      | Reached XP level 5. HP: 8/47 MP: 2/5
   831 | D:6      | Learned a level 2 spell: Blink
   887 | D:7      | Noticed a hippogriff
   895 | D:7      | HP: 1/47 [hippogriff (3)]
   896 | D:7      | Killed a hippogriff
   896 | D:7      | Reached XP level 6. HP: 1/53 MP: 6/6
   964 | D:7      | Reached * piety under Qazlal
   971 | D:7      | Found a sand-covered staircase.
   995 | Ossuary  | Entered an ossuary
  1013 | Ossuary  | Reached skill level 5 in Axes
  1054 | Ossuary  | Reached skill level 5 in Fighting
  1189 | D:7      | Reached skill level 1 in Spellcasting
  1242 | D:5      | Got a crude rapier
  1294 | D:6      | Reached XP level 7. HP: 54/61 MP: 8/8
  1306 | D:6      | Learned a level 4 spell: Passage of Golubria
  1311 | D:6      | Gained mutation: You are robust (+10% HP). [potion of mutation]
  1311 | D:6      | Gained mutation: You occasionally shout uncontrollably at your foes. [potion of mutation]
  1311 | D:6      | Gained mutation: You tend to lose your temper in combat. [potion of mutation]
  1312 | D:6      | Gained mutation: You are weak. (Str -2) [potion of mutation]
  1312 | D:6      | Gained mutation: You sometimes yell uncontrollably at your foes. [potion of mutation]
  1312 | D:6      | Gained mutation: You are very weak. (Str -4) [potion of mutation]
  1376 | D:6      | Reached skill level 5 in Armour
  1666 | D:8      | Reached ** piety under Qazlal
  1692 | D:8      | Found a sacrificial altar of Ru.
  1758 | D:8      | Reached skill level 6 in Axes
  1799 | D:9      | Reached XP level 8. HP: 50/74 MP: 9/9
  1850 | D:8      | Noticed Erica
  1918 | D:9      | Identified the +6 rapier "Doluo" {flame, *Corrode rN+ Dex+2} (You found it on level 5 of the Dungeon)
  1986 | D:9      | Found a snail-covered altar of Cheibriados.
  2090 | D:9      | Reached skill level 7 in Axes
  2134 | D:9      | Reached skill level 5 in Invocations
  2186 | D:10     | Entered Level 10 of the Dungeon
  2197 | D:10     | Noticed a deep elf mage
  2204 | D:11     | Noticed a centaur skeleton
  2225 | D:11     | Reached XP level 9. HP: 48/84 MP: 11/11
  2274 | D:10     | Noticed a centaur zombie
  2281 | D:11     | Killed a deep elf mage
  2333 | D:11     | Noticed a brown ugly thing
  2488 | D:10     | Noticed a centaur zombie
  2505 | D:10     | Killed a centaur zombie
  2505 | D:10     | Reached skill level 8 in Axes
  2607 | D:11     | Reached *** piety under Qazlal
  2783 | D:11     | Noticed a deep elf mage
  2799 | D:11     | Noticed an orange demon
  2801 | D:11     | Killed a deep elf mage
  2932 | D:12     | Learned a level 2 spell: Swiftness
  2976 | D:12     | Noticed a white ugly thing
  3011 | D:12     | Killed a white ugly thing
  3011 | D:12     | Reached XP level 10. HP: 44/94 MP: 12/14
  3053 | D:13     | Noticed a hill giant
  3067 | D:13     | Noticed a centaur warrior
  3106 | D:13     | Lost mutation: You are robust (+10% HP). [mutagenic meat]
  3151 | D:13     | Noticed a centaur warrior
  3167 | D:13     | Shot with an arrow by a centaur warrior

Vault maps used:
D:1:      evilmike_arrival_come_back, hangedman_decor_growths,
          minmay_misc_feat_diagonals, minmay_misc_feat_iff
D:2:      lemuel_zombie_altar_yredelemnul, nicolae_overflow_crystal_walls,
          fedhas_altar_1, uniq_robin
D:3:      ecumenical_altar_2, grunt_qazlal_sundering
D:4:      grunt_temple_overflow_growth_and_decay, ashenzari_altar_1,
          vehumet_crystals
D:5:      basic_altar, first_bread, roderic_st_hans_cross, uniq_duvessa
D:6:      overflow_temple_1_default, minmay_temple_entry_grid,
          hangedman_abyss_or_decor_slice, corexii_leaking_fountain
D:7:      kennysheep_steamy, nemelex_deck, serial_bayou, serial_bayou_pond_e,
          serial_bayou_pond_b, serial_bayou_shore_b, serial_bayou_crossing,
          nicolae_ossuary_entry_giza
D:8:      nicolae_ru_awakened_eye, grunt_dithmenos_smoke, xom_confusion_cloud,
          the_bakery, uniq_erica, uniq_psyche
D:9:      slow_altar_1, erik_lair_dragon
D:10:     uniq_harold
D:11:     orc_0_dummy
D:12:     grunt_pakellas_basics
D:13:     wad_mega_maze, minmay_misc_feat_x, hive_lemuel
Ossuary:  ossuary_minmay_tomb_2a

Action                   |  1- 3 |  4- 6 |  7- 9 | 10-12 || total
-------------------------+-------+-------+-------+-------++-------
Melee: War axe           |    77 |    70 |   276 |    22 ||   445
Invok: Upheaval          |       |       |     1 |       ||     1
Evoke: Wand              |       |    10 |     8 |       ||    18
  Use: Scroll            |       |     8 |     1 |     2 ||    11
       Potion            |       |     1 |     8 |       ||     9
  Eat: Chunk             |       |     1 |    12 |     4 ||    17
